 Dungeon Crawl Stone Soup version 0.15-a0-1632-gd490d05 (webtiles) character file.

594 koR47 the Grappler (level 7, -3/66 HPs)
             Began as a Troll Monk on June 21, 2014.
             Shot with an arrow by a centaur (11 damage)
             ... on Level 5 of the Dungeon.
             The game lasted 00:46:26 (3918 turns).

koR47 the Grappler (Troll Monk)                     Turns: 3918, Time: 00:46:26

HP  -3/66        AC  7     Str 20      XL: 7   Next: 16%
MP   3/3         EV 10     Int  6      God:
Gold 244         SH  0     Dex 14      Spells:  0 memorised,  6 levels left

rFire  + . .     SeeInvis .       - Unarmed
rCold  + . .     Clarity  .     r - +2 robe {rC+ rF+}
rNeg   . . .     rCorr    .     (shield restricted)
rPois  .         rRot     .     (helmet restricted)
rElec  .         Spirit   .     (no cloak)
SustAb .         Warding  .     (gloves unavailable)
rMut   .         Stasis   .     (boots unavailable)
Gourm  +                        (no amulet)
MR     .....                    (no ring)
                                l - ring of teleport control

@: not resistant to hostile enchantments, unstealthy
A: unfitting armour, claws 3, fast metabolism 3, gourmand, regeneration 2,
saprovore 2, shaggy fur 1, tough skin 2
a: Evoke Teleport Control


You were on level 5 of the Dungeon.
You were not hungry.

You visited 1 branch of the dungeon, and saw 5 of its levels.

You collected 244 gold pieces.

Inventory:

Hand weapons
 y - a +0 halberd
Missiles
 e - 3 tomahawks
 h - 19 bolts
 j - 28 stones (quivered)
 B - 8 poisoned needles
Armour
 a - a +0 robe
 r - a +2 robe of resistance (worn)
Comestibles
 b - 3 meat rations
 n - a rotting chunk of hobgoblin flesh
 A - 7 fruits
 E - a beef jerky
Scrolls
 g - 3 scrolls of remove curse
 m - a scroll of enchant weapon {unknown}
 q - 2 scrolls of magic mapping
 v - a scroll of fear {unknown}
 z - 2 scrolls of identify
 C - 2 scrolls of amnesia {unknown}
 D - a scroll of teleportation {unknown}
Jewellery
 l - a ring of teleport control (left claw)
 s - an uncursed ring of positive energy {unknown}
Potions
 c - a potion of resistance {unknown}
 d - a potion of magic
 i - a potion of heal wounds
 k - a potion of curing
 p - 2 potions of restore abilities {unknown}
 t - 3 potions of poison
 u - 2 potions of haste


   Skills:
 - Level 2.4 Fighting
 - Level 0.1 Throwing
 - Level 2.4 Dodging
 - Level 1.1 Stealth
 + Level 8.7 Unarmed Combat


You had 6 spell levels left.
You didn't know any spells.

Dungeon Overview and Level Annotations

Branches:
Dungeon (5/15)
 Temple: D:4-7

Altars:
Kikubaaqudgha


Innate Abilities, Weirdness & Mutations

You are too large for most types of armour.
You have claws for hands.
Your metabolism is lightning-fast.
You like to eat raw meat.
You heal very quickly.
You can eat rotten meat.
You are covered in fur (AC +1).
You have very tough skin (AC +2).


Message History

You continue eating.
The centaur shoots an arrow.
The arrow barely misses you.
The centaur shoots an arrow.
The arrow barely misses you.
You see here an arrow.
The centaur shoots an arrow.
The arrow hits you!
* * * LOW HITPOINT WARNING * * *
There is an open door here.
You see here an arrow.
The centaur shoots an arrow.
The arrow hits you.
* * * LOW HITPOINT WARNING * * *
x3 The centaur shoots an arrow.
The arrow hits you.
* * * LOW HITPOINT WARNING * * *
x3 You see here 2 arrows.
The centaur shoots an arrow.
The arrow hits you but does no damage.
The centaur shoots an arrow.
The arrow hits you but does no damage.
You see here 2 arrows.
You open the door.
The centaur shoots an arrow.
The arrow hits you but does no damage.
The centaur shoots an arrow.
The arrow hits you!
You die...

...'.....# #...# .. ##'##....#
#...# ##c .#.##'###########...#
#.. .'.##..###......#...#
#..###+##+# .#'##...'.......+...#
#.......... ##.##...#.......#...#
#..........
.......##..##...#...###......!...
.......##..##...#...#.###(##+#...
........+..<....@(.((...c(...+...
'####)########+##...##########...
...##.####.........####### #...#'
.........+.........'.....# +...#.
.........#.........#.....+ #...'.
.........#.........#.....# #...#.
##.##.##'#.........#.#######...##
.#+##.#.....#####+##.#### #...###
.+....'.....'.<....'....+ +...#.(


You could see a centaur.

Vanquished Creatures
  A phantom (D:4)
  A crimson imp (D:5)
  2 hounds
  A jelly (D:5)
  2 worker ants (D:4)
  An iguana (D:4)
  3 orc wizards
  10 gnolls
  2 worms
  2 adders
  An iguana skeleton (D:5)
  3 giant geckos
  An ooze (D:1)
  13 orcs
  2 ball pythons
  6 goblins
  7 hobgoblins
  3 jackals (D:1)
  5 kobolds
  8 bats
  6 giant cockroaches
  6 giant newts
  An orc skeleton (D:4)
  3 quokkas
  4 rats
94 creatures vanquished.

Notes
Turn   | Place    | Note
--------------------------------------------------------------
     0 | D:1      | koR47, the Troll Monk, began the quest for the Orb.
     0 | D:1      | Reached XP level 1. HP: 22/22 MP: 1/1
   330 | D:1      | Reached XP level 2. HP: 29/29 MP: 1/1
  1113 | D:1      | Reached skill level 5 in Unarmed Combat
  1113 | D:1      | Reached XP level 3. HP: 27/36 MP: 2/2
  1537 | D:2      | Reached XP level 4. HP: 40/44 MP: 2/2
  2034 | D:3      | Reached skill level 6 in Unarmed Combat
  2299 | D:3      | Reached XP level 5. HP: 38/50 MP: 2/2
  2769 | D:4      | Reached skill level 7 in Unarmed Combat
  2790 | D:4      | Reached XP level 6. HP: 57/59 MP: 3/3
  2812 | D:4      | Noticed a phantom
  2870 | D:4      | Killed a phantom
  2870 | D:4      | Reached skill level 8 in Unarmed Combat
  2885 | D:4      | Found an ancient bone altar of Kikubaaqudgha.
  3159 | D:4      | HP: 2/59 [gnoll/spear (4)]
  3166 | D:4      | HP: 2/59 [gnoll/spear (5)]
  3374 | D:5      | Entered Level 5 of the Dungeon
  3535 | D:5      | Reached XP level 7. HP: 63/66 MP: 3/3
  3918 | D:5      | Shot with an arrow by a centaur

Action                   |  1- 3 |  4- 6 |  7- 9 || total
-------------------------+-------+-------+-------++-------
Melee: Unarmed           |    74 |   140 |    15 ||   229
Throw: Stone             |       |     5 |       ||     5
  Use: Scroll            |     1 |     4 |       ||     5
       Potion            |       |     8 |       ||     8
